 Dungeon Crawl Stone Soup version 0.16.1-7-g2c6721e (webtiles) character file.

51828 siprus the Thaumaturge (level 14, -3/72 HPs)
             Began as a Spriggan Enchanter on Mar 29, 2015.
             Was the Champion of Ashenzari.
             Slain by a catoblepas (24 damage)
             ... on level 8 of the Lair of Beasts.
             The game lasted 01:38:22 (16448 turns).

siprus the Thaumaturge (Spriggan Enchanter)        Turns: 16448, Time: 01:38:22

Health: -3/72      AC:  7    Str:  4    XL:     14   Next: 24%
Magic:  1/47       EV: 29    Int: 24    God:    Ashenzari [******]
Gold:   986        SH:  0    Dex: 18    Spells: 7 memorised, 21 levels left

rFire  + . .     SeeInvis +     v - +1 rapier (vamp) (curse)
rCold  . . .     Clarity  +     b - +2 robe
rNeg   . . .     SustAb   .     (shield restricted)
rPois  +         Gourm    .     Q - +0 hat of the Demon Prince {rF+ MR+ Int+4} (curse)
rElec  .         Spirit   .     h - +2 cloak {rPois}
rCorr  .         Warding  .     (gloves unavailable)
rMut   .         Stasis   .     (boots unavailable)
MR     ++++.                    (no amulet)
Stlth  +++++++...               l - ring of protection from magic (curse)
                                k - ring of magical power (curse)

@: very quick, incredibly resistant to hostile enchantments, extremely stealthy
A: unfitting armour, see invisible, herbivore 3, speed 3, slow metabolism 2
a: Scrying, Transfer Knowledge, Renounce Religion


You were on level 8 of the Lair of Beasts.
You worshipped Ashenzari.
Ashenzari was exalted by your worship.
You were full.

You visited 5 branches of the dungeon, and saw 23 of its levels.

You collected 2053 gold pieces.
You spent 1067 gold pieces at shops.

Inventory:

Hand weapons
 v - a cursed +1 vampiric rapier (weapon)
Armour
 b - a +2 robe (worn)
 h - a +2 cloak of poison resistance (worn)
 E - a +2 buckler of poison resistance
 H - a +0 hat
 Q - the cursed +0 hat of the Demon Prince (worn) {rF+ MR+ Int+4}
   (You acquired it on level 7 of the Lair of Beasts)

   It affects your intelligence (+4).
   It protects you from fire.
   It affects your resistance to hostile enchantments.
   It has a curse placed upon it.
Jewellery
 k - a cursed ring of magical power (left hand)
 l - a cursed ring of protection from magic (right hand)
 q - a cursed ring of teleportation
 I - an uncursed ring of poison resistance
 K - an uncursed ring of wizardry
Magical devices
 u - a wand of teleportation (5)
 w - a wand of magic darts (2)
 D - a wand of digging (12)
 M - a wand of fire (6)
 R - a wand of draining (4)
 T - a wand of slowing (13)
Scrolls
 f - 7 scrolls of curse armour
 g - 3 scrolls of magic mapping
 i - 4 scrolls of blinking
 m - 3 scrolls of curse weapon
 o - 3 scrolls of teleportation
 r - 3 scrolls of enchant armour
 y - a scroll of curse jewellery
 J - a scroll of fog
 L - 5 scrolls of remove curse
 P - 2 scrolls of enchant weapon
Potions
 d - 4 potions of haste
 e - 8 potions of curing
 j - 4 potions of magic
 n - 3 potions of agility
 p - 4 potions of restore abilities
 s - 2 potions of brilliance
 t - 3 potions of invisibility
 A - a potion of berserk rage
 C - 3 potions of might {unknown}
Books
 a - a book of Enchantments

   Spells                             Type                      Level
   a - Tukima's Dance                 Hexes                        3
   b - Cause Fear                     Hexes                        4
   c - Silence                        Hexes/Air                    5
   d - Deflect Missiles               Charms/Air                   6
   e - Haste                          Charms                       6
   f - Discord                        Hexes                        8
 c - a book of Maledictions

   Spells                             Type                      Level
   a - Corona                         Hexes                        1
   b - Sure Blade                     Hexes/Charms                 2
   c - Ensorcelled Hibernation        Hexes/Ice                    2
   d - Confuse                        Hexes                        3
   e - Dazzling Spray                 Conjuration/Hexes            3
   f - Enslavement                    Hexes                        4
 z - a book of Ice

   Spells                             Type                      Level
   a - Ice Form                       Ice/Transmutation            4
   b - Metabolic Englaciation         Hexes/Ice                    5
   c - Ozocubu's Refrigeration        Ice                          6
   d - Bolt of Cold                   Conjuration/Ice              6
   e - Freezing Cloud                 Conjuration/Ice/Air          6
   f - Simulacrum                     Ice/Necromancy               6
 F - a book of Dreams

   Spells                             Type                      Level
   a - Ensorcelled Hibernation        Hexes/Ice                    2
   b - Flight                         Charms/Air                   3
   c - Phase Shift                    Translocation                5
   d - Shadow Creatures               Summoning                    5
   e - Mass Confusion                 Hexes                        6
   f - Darkness                       Hexes                        7
 G - a book of Beasts

   Spells                             Type                      Level
   a - Summon Butterflies             Summoning                    1
   b - Call Canine Familiar           Summoning                    3
   c - Summon Ice Beast               Ice/Summoning                4
   d - Summon Mana Viper              Hexes/Summoning              5
   e - Monstrous Menagerie            Summoning                    6
   f - Summon Hydra                   Summoning                    7
Comestibles
 x - 8 bread rations
 N - a royal jelly


   Skills:
 + Level 7.5 Fighting
 + Level 10.1(14.3) Short Blades
 + Level 12.5 Dodging
 + Level 14.3 Stealth
 * Level 14.8 Spellcasting
 * Level 14.7(17.3) Hexes


You had 21 spell levels left.
You knew the following spells:

 Your Spells              Type           Power        Failure   Level  Hunger
a - Corona                Hex            #######      0%          1    None
b - Ensorcelled Hibernat  Hex/Ice        ######       1%          2    None
c - Confuse               Hex            #######.     0%          3    None
d - Dazzling Spray        Conj/Hex       ######..     1%          3    None
e - Tukima's Dance        Hex            #######.     0%          3    None
f - Discord               Hex            #######...   17%         8    #######
g - Summon Butterflies    Summ           ###.....     2%          1    None


Dungeon Overview and Level Annotations

Branches:
Dungeon (9/15)             Temple (1/1) D:4            Lair (8/8) D:9
 Shoals (1/5) Lair:5       Spider (0/5) Lair:5        Slime (0/6) Lair:7
    Orc (4/4) D:9             Elf (0/3) Orc:4

Altars:
Ashenzari
Cheibriados
Dithmenos
Elyvilon
Fedhas
Gozag
Kikubaaqudgha
Makhleb
Nemelex Xobeh
Okawaru
Qazlal
Ru
Sif Muna
Trog
Vehumet
Xom
Yredelemnul
Zin
The Shining One
Beogh
Jiyva

Shops:
Orc:1 }   Orc:3 }%   Orc:4 ([:*}


Innate Abilities, Weirdness & Mutations

You are tiny and cannot use many weapons and most armour.
You have supernaturally acute eyesight.
You are a herbivore.
You cover ground extremely quickly.
You need consume almost no food.


Message History

The catoblepas is moderately wounded.
The catoblepas barely misses you.
You hit the catoblepas but do no damage.
The catoblepas is moderately wounded.
The blink frog momentarily phases out as your attack passes through it.
The catoblepas completely misses you. The blink frog completely misses you.
Casting: Dazzling Spray
Confirm with . or Enter, or press ? or * to list all spells.
Aiming: Ensorcelled Hibernation
Press: ? - help, Shift-Dir - straight line, f - blink frog, p - catoblepas
Aim: a blink frog (chance 55%)
The blink frog looks drowsy...
The catoblepas gores you!
* * * LOW HITPOINT WARNING * * *
The helpless blink frog fails to defend itself.
You hit the blink frog!!!!
You kill the blink frog!
You hit the catoblepas.
You feel better.
The catoblepas is moderately wounded.
The catoblepas gores you!!
You die...

.#....††#.P.##....P#
÷##.......PP.......#
..##.......P......##
...###.....######..###
.....##..###.P..###..#
....P.####.P.....##.##
.....÷......†.....###
....P..##P......÷...##
.....########.P.@†..P##
÷..P## ∆#####Y....#
....# ∆∆, , ###...##
.P.## *∆∆ 8∆ #....#
...# *∆∆,, ,,8{##...#
#..# ∆∆ {,∆8 * ∆,#...#
* . *∆,8 8, ,,{##..# *
* * ,,, ,, , * ##†# **
, , ,, ,{,{{#.#


You could see a catoblepas.

Vanquished Creatures
  An orc warlord (Orc:4)
  The ghost of roverover the Octopoid Aeon, a powerful OpEE of Cheibriados (Lair:7)
  Snorg (Orc:1)
  3 death yaks (Lair:8)
  3 hydras
  5 orc high priests (Orc:4)
  Nergalle (Orc:4)
  Erolcha (D:8)
  Pikel (D:5)
  4 orc knights
  2 griffons
  An orb spider (Lair:5)
  An oklob plant (Lair:5)
  4 black mambas
  A manticore (Lair:5)
  17 elephants
  Maurice (Orc:1)
  13 spiny frogs
  6 komodo dragons
  2 fire drakes
  A wandering mushroom (D:9)
  A polar bear (Lair:8)
  4 trolls
  2 two-headed ogres
  22 blink frogs
  4 basilisks
  19 yaks
  A wyvern (D:9)
  Eustachio (D:4)
  2 hungry ghosts
  4 hippogriffs
  2 wargs
  13 wolves
  8 porcupines
  7 water moccasins
  4 sky beasts
  25 orc warriors
  2 black bears (Lair:8)
  3 phantoms
  8 crocodiles
  2 slaves (D:5)
  A necrophage (D:9)
  2 centaurs
  10 ogres
  Sigmund (D:5)
  A big kobold (D:7)
  Duvessa (D:8)
  A boring beetle (Lair:5)
  A brain worm (Lair:6)
  Blork the orc (D:5)
  6 giant frogs
  2 scorpions
  The ghost of dxcTest1 the Cudgeler, a weakling MiFi (D:3)
  10 killer bees
  4 wights (D:7)
  Dowan (D:8)
  An electric eel (Lair:1)
  3 goliath beetles
  2 jellies (Lair:7)
  3 crimson imps
  3 lava snakes (Lair:2)
  12 orc priests
  9 hounds
  3 giant frog skeletons
  A centaur skeleton (D:7)
  11 iguanas
  34 orc wizards
  5 worker ants
  12 sheep
  2 hound zombies
  2 mummies
  2 hound skeletons (D:4)
  A worker ant zombie (D:6)
  65 river rats
  10 adders
  2 giant mites
  3 worms
  2 adder zombies
  2 adder skeletons
  4 giant geckos
  4 oozes
  160 orcs
  A ball python (D:2)
  A bat zombie (D:6)
  3 giant cockroaches
  14 hobgoblins
  8 jackals
  14 quokkas
  14 bats
  3 giant newts
  A giant spore (D:8)
  16 goblins
  10 kobolds
  13 rats
  2 ballistomycetes (D:8)
  2 fungi
707 creatures vanquished.

Vanquished Creatures (others)
  A bush (Lair:4)
  3 fungi
  A plant (Lair:8)
5 creatures vanquished.

Grand Total: 712 creatures vanquished

Notes
Turn   | Place    | Note
--------------------------------------------------------------
     0 | D:1      | siprus, the Spriggan Enchanter, began the quest for the Orb.
     0 | D:1      | Reached XP level 1. HP: 9/9 MP: 4/4
   292 | D:1      | Found an iron altar of Okawaru.
   499 | D:1      | Reached XP level 2. HP: 11/13 MP: 7/7
  1111 | D:2      | Learned a level 2 spell: Ensorcelled Hibernation
  1202 | D:2      | Reached XP level 3. HP: 8/17 MP: 8/11
  1216 | D:2      | Learned a level 3 spell: Confuse
  1416 | D:2      | Reached skill level 5 in Stealth
  2479 | D:3      | Reached XP level 4. HP: 11/21 MP: 8/14
  2562 | D:3      | Found a shadowy altar of Dithmenos.
  2604 | D:3      | Noticed a phantom
  2801 | D:3      | Reached skill level 1 in Fighting
  2804 | D:3      | Reached XP level 5. HP: 23/25 MP: 14/18
  2814 | D:3      | Reached skill level 5 in Hexes
  2814 | D:3      | Reached XP level 6. HP: 27/30 MP: 6/20
  3058 | D:3      | Found a sacrificial altar of Ru.
  3457 | D:3      | Noticed dxcTest1's ghost (weakling MiFi)
  3469 | D:3      | Killed a phantom
  3469 | D:3      | Reached skill level 6 in Stealth
  3469 | D:3      | Reached skill level 5 in Spellcasting
  3481 | D:3      | Killed dxcTest1's ghost
  3640 | D:4      | Reached XP level 7. HP: 23/34 MP: 16/23
  3949 | D:4      | Found a staircase to the Ecumenical Temple.
  3955 | Temple   | Entered the Ecumenical Temple
  4018 | Temple   | Became a worshipper of Ashenzari the Shackled
  4431 | D:4      | Noticed Eustachio
  4467 | D:4      | Killed Eustachio
  4757 | D:5      | Entered Level 5 of the Dungeon
  4804 | D:5      | Noticed Sigmund
  4816 | D:5      | Killed Sigmund
  4816 | D:5      | Reached skill level 5 in Dodging
  4827 | D:5      | Noticed Pikel
  4907 | D:5      | Killed Pikel
  4907 | D:5      | Reached skill level 7 in Stealth
  4907 | D:5      | Reached XP level 8. HP: 28/39 MP: 19/25
  4973 | D:5      | Found a burning altar of Makhleb.
  4973 | D:5      | Noticed a balrug
  5222 | D:5      | Noticed Blork the orc
  5232 | D:5      | Killed Blork the orc
  5565 | D:5      | Found an ancient bone altar of Kikubaaqudgha.
  5827 | D:6      | Reached skill level 8 in Stealth
  5843 | D:6      | Reached XP level 9. HP: 35/44 MP: 18/28
  6018 | D:6      | Reached skill level 5 in Short Blades
  6714 | D:7      | Reached skill level 9 in Stealth
  7109 | D:8      | Noticed Duvessa
  7109 | D:8      | Noticed Dowan
  7112 | D:8      | Killed Duvessa
  7114 | D:8      | Killed Dowan
  7310 | D:8      | Reached XP level 10. HP: 49/49 MP: 27/30
  7322 | D:8      | Found a sparkling altar of Nemelex Xobeh.
  7469 | D:8      | Noticed Erolcha
  7485 | D:8      | Killed Erolcha
  7733 | D:9      | Acquired Ashenzari's first power
  7753 | D:9      | Found an opulent altar of Gozag.
  7754 | D:9      | Found a staircase to the Orcish Mines.
  7905 | D:9      | Reached skill level 10 in Stealth
  8025 | D:9      | Reached skill level 10 in Hexes
  8063 | D:9      | Reached skill level 10 in Spellcasting
  8302 | D:9      | Found a staircase to the Lair.
  8391 | Orc:1    | Entered Level 1 of the Orcish Mines
  8391 | Orc:1    | Noticed an orc knight
  8426 | D:9      | Killed an orc knight
  8609 | Orc:4    | Entered Level 4 of the Orcish Mines
  8610 | Orc:4    | Found Usourr's Antique Armour Shoppe.
  8610 | Orc:4    | Noticed an orc high priest
  8639 | Orc:4    | Killed an orc high priest
  8639 | Orc:4    | Reached XP level 11. HP: 40/54 MP: 12/32
  8692 | Orc:4    | Bought a runed buckler for 135 gold pieces
  8858 | Orc:4    | Found Strea's Gadget Shoppe.
  8908 | Orc:4    | Noticed an orc knight
  8911 | Orc:4    | Noticed an orc high priest
  8931 | Orc:4    | Killed an orc knight
  8934 | Orc:4    | Noticed a sun demon
  9041 | Orc:3    | Acquired Ashenzari's second power
  9050 | Orc:3    | Found Sulihel's Food Shop.
  9299 | Orc:4    | Killed an orc high priest
  9299 | Orc:4    | Reached skill level 11 in Spellcasting
  9360 | Orc:4    | Noticed an orc high priest
  9361 | Orc:4    | Found Urint's Antique Weapon Shop.
  9454 | Orc:3    | Found a burning altar of Makhleb.
  9742 | Orc:4    | Killed an orc high priest
  9742 | Orc:4    | Reached skill level 5 in Fighting
  9801 | Orc:4    | Noticed Nergalle
  9818 | Orc:4    | Killed Nergalle
  9837 | Orc:4    | Noticed an orc knight
  9846 | Orc:4    | Killed an orc knight
  9997 | Orc:4    | Noticed an orc high priest
 10001 | Orc:4    | Found Eloniul's General Store.
 10112 | Orc:4    | Killed an orc high priest
 10196 | Orc:4    | Found Anatz's Book Boutique.
 10203 | Orc:4    | Found a staircase to the Elven Halls.
 10206 | Orc:4    | Noticed an orc warlord
 10223 | Orc:4    | Killed an orc warlord
 10240 | Orc:4    | Bought a book of Enchantments for 650 gold pieces
 10244 | Orc:4    | Learned a level 3 spell: Dazzling Spray
 10248 | Orc:4    | Learned a level 3 spell: Tukima's Dance
 10257 | Orc:4    | Learned a level 8 spell: Discord
 10444 | Orc:3    | Reached skill level 12 in Spellcasting
 10488 | Orc:3    | Found Qagiugg's Quality Used Wands.
 10589 | Orc:3    | Bought a bread ration for 60 gold pieces
 10589 | Orc:3    | Bought a bread ration for 60 gold pieces
 10589 | Orc:3    | Bought a bread ration for 60 gold pieces
 10589 | Orc:3    | Bought a royal jelly for 24 gold pieces
 10589 | Orc:3    | Bought a bread ration for 60 gold pieces
 10589 | Orc:3    | Bought a slice of pizza for 18 gold pieces
 10628 | Orc:1    | Noticed Snorg
 10635 | Orc:1    | Killed Snorg
 10784 | Orc:2    | Reached XP level 12. HP: 49/60 MP: 35/35
 10837 | Orc:2    | Noticed a wolf spider
 10925 | Orc:2    | Reached skill level 10 in Dodging
 10981 | Orc:2    | Acquired Ashenzari's third power
 10983 | Orc:2    | Noticed an orc knight
 10995 | Orc:2    | Killed an orc knight
 11110 | Orc:2    | Found a roughly hewn altar of Beogh.
 11184 | Orc:1    | Noticed Maurice
 11192 | Orc:1    | Killed Maurice
 11645 | Orc:1    | Found Birais' Gadget Emporium.
 11979 | Orc:4    | Noticed an orc high priest
 12002 | Orc:4    | Killed an orc high priest
 12112 | Lair:1   | Entered Level 1 of the Lair of Beasts
 12474 | Lair:1   | Acquired Ashenzari's fourth power
 12801 | Lair:2   | Learned a level 1 spell: Summon Butterflies
 13112 | Lair:2   | Reached skill level 13 in Spellcasting
 13580 | Lair:3   | Reached XP level 13. HP: 41/65 MP: 22/36
 14494 | Lair:4   | Noticed a five-headed hydra
 14515 | Lair:4   | Killed a five-headed hydra
 14548 | Lair:4   | Noticed a five-headed hydra
 14561 | Lair:4   | Killed a five-headed hydra
 14631 | Lair:5   | Found a staircase to the Shoals.
 14685 | Lair:5   | Reached skill level 14 in Spellcasting
 14689 | Lair:5   | Found a hole to the Spider Nest.
 15112 | Shoals:1 | Entered Level 1 of the Shoals
 15503 | Lair:6   | Identified the +5 quarterstaff "Uriuthoi" {pain, +Blink}
 15695 | Lair:7   | Identified the +5 war axe of Trauma {freeze, rF+ rN+ MR+ Str+2 Stlth-}
 15790 | Lair:7   | Identified a scroll of acquirement
 15793 | Lair:7   | Got the cursed hat of the Demon Prince {rF+ MR+ Int+4}
 15804 | Lair:7   | Identified the cursed +0 hat of the Demon Prince {rF+ MR+ Int+4} (You acquired it on level 7 of the Lair of Beasts)
 15834 | Lair:7   | Found a runed door.
 15835 | Lair:7   | Found a viscous altar of Jiyva.
 15838 | Lair:7   | Found a staircase to the Slime Pits.
 15882 | Lair:7   | Noticed roverover's ghost (powerful OpEE)
 15901 | Lair:7   | Killed roverover's ghost
 15992 | Lair:7   | Reached XP level 14. HP: 60/72 MP: 33/38
 16070 | Lair:8   | Entered Level 8 of the Lair of Beasts
 16356 | Lair:8   | Reached skill level 10 in Short Blades
 16448 | Lair:8   | Slain by a catoblepas

Action                   |  1- 3 |  4- 6 |  7- 9 | 10-12 | 13-15 || total
-------------------------+-------+-------+-------+-------+-------++-------
Melee: Dagger            |   220 |    50 |    18 |       |       ||   288
       Rapier            |       |       |   355 |   839 |   435 ||  1629
 Cast: Corona            |     1 |       |       |       |       ||     1
       Ensorcelled Hiber |    23 |    14 |    77 |   278 |   192 ||   584
       Confuse           |       |    14 |    35 |    52 |    20 ||   121
       Tukima's Dance    |       |       |       |     2 |       ||     2
       Dazzling Spray    |       |       |       |       |     6 ||     6
Evoke: Wand              |       |       |     1 |       |     1 ||     2
  Use: Scroll            |       |       |    22 |     2 |     8 ||    32
       Potion            |       |       |       |     1 |       ||     1
 Stab: Sleeping          |    17 |    16 |    74 |   228 |   157 ||   492
       Confused          |       |    10 |    30 |    44 |    17 ||   101
       Distracted        |       |       |     1 |     4 |     1 ||     6
       Invisible         |       |       |       |       |     4 ||     4
       Petrifying        |       |       |       |       |     2 ||     2
  Eat: Bread ration      |     1 |       |     1 |       |     1 ||     3
       Pizza             |       |       |     1 |     3 |     1 ||     5
       Royal jelly       |       |       |       |     2 |       ||     2
